 Dungeon Sprint DCSS version 0.28-a0-1387-g3a22ab9bdc (webtiles) character file.

Game seed: 6912904529609167253

140 mhtbhm the Covert (level 5, -1/40 HPs)
             Began as a Spriggan Brigand on Jan 2, 2022.
             Slain by an orc (5 damage)
             ... in the Dungeon (Sprint IX: "|||||||||||||||||||||||||||||").
             The game lasted 00:00:24 (135 turns).

mhtbhm the Covert (Spriggan Brigand)                 Turns: 135, Time: 00:00:25

Health: -1/40      AC:  3    Str:  9    XL:     5   Next: 2%
Magic:  6/6        EV: 17    Int: 13    God:
Gold:   0          SH:  0    Dex: 16    Spells: 4/4 levels left

rFire   . . .      SeeInvis +   a - +2 dagger
rCold   . . .      Faith    .   (no shield)
rNeg    . . .      Spirit   .   b - +0 robe
rPois   .          Reflect  .   (helmet restricted)
rElec   .          Harm     .   c - +0 cloak
rCorr   .          Rampage  .   (gloves unavailable)
Will    .....      NoTele   +   (boots unavailable)
Stlth   ..........              (no amulet)
HPRegen 0.13/turn               (no ring)
MPRegen 0.10/turn               (no ring)

@: berserking, very quick
A: very small, no large weapons, unfitting armour, see invisible, speed 3
a: no special abilities


You were in the Dungeon.
You visited 1 branch

Inventory:

Hand Weapons
 a - a +2 dagger (weapon)
Missiles
 d - 7 poisoned darts (quivered)
Armour
 b - a +0 robe (worn)
 c - a +0 cloak (worn)
Scrolls
 k - a scroll of blinking
Potions
 f - a potion of curing
 g - a potion of heal wounds
 h - a potion of haste
 i - 2 potions of magic


   Skills:
 + Level 2.7 Fighting
 + Level 4.5 Short Blades
 + Level 3.9 Throwing
 + Level 2.4 Dodging
 + Level 13.5 Stealth


You had 4 spell levels left.
You didn't know any spells.
Your spell library was empty.

Dungeon Overview and Level Annotations

Branches:
Dungeon (1/1)

Altars:


Innate Abilities, Weirdness & Mutations

You are very small and have problems with some larger weapons.
You are too small for most types of armour.
You have supernaturally acute eyesight. (SInv)
You cover ground extremely quickly. (Speed+++)


Message History

The iguana looks even sicker.
The iguana convulses.
The iguana seems to slow down.
The iguana is severely wounded.
A red film seems to cover your vision as you go berserk!
You feel yourself moving faster!
You feel mighty!
You kill the iguana!
Your Fighting skill increases to level 2!
Your Short Blades skill increases to level 3!
Your Stealth skill gained 2 levels and is now at level 9!
You have reached level 2!
You have reached level 3!
Your experience leads to an increase in your attributes!
Increase (S)trength, (I)ntelligence, or (D)exterity?
You feel stronger. x2
Unknown command.
You feel a strong urge to attack something.
You hit the ogre.
The ogre is heavily wounded.
The ogre hits you with a +0 giant club!!
Ouch! That really hurt!
* * * LOW HITPOINT WARNING * * *
You puncture the ogre!
The ogre is almost dead.
You puncture the ogre!
You kill the ogre!
Your Short Blades skill increases to level 4!
Your Throwing skill increases to level 3!
Your Dodging skill increases to level 2!
Your Stealth skill gained 3 levels and is now at level 12!
You have reached level 4!
You puncture the hound!
The hound is heavily wounded.
The hound barely misses you.
You puncture the hound!
You kill the hound!
Your Stealth skill increases to level 13!
You have reached level 5!
You feel clever.
The orc hits you with a +2 mace of protection.
You die... ▓▓▓▓▓▓▓▓▓▓▓▓▓▓▓▓▓▓ +.....'.((So@...<▓ ▓▓▓▓▓▓▓▓▓▓▓▓▓▓▓▓▓▓

You could see an adder and an orc.

Vanquished Creatures
  An ogre (D)
  A hound (D)
  An iguana (D)
  2 bats (D)
  A jackal (D)
  2 kobolds (D)
8 creatures vanquished.

Notes
Turn   | Place    | Note
-------+----------+-------------------------------------------
     0 | D        | mhtbhm the Spriggan Brigand began the quest for the Orb.
     0 | D        | Reached XP level 1. HP: 10/10 MP: 2/2
     5 | D        | Reached skill level 6 in Stealth
    11 | D        | Reached skill level 7 in Stealth
   116 | D        | Noticed a hound
   116 | D        | Noticed an ogre
   116 | D        | Noticed an iguana
   128 | D        | Killed an iguana
   129 | D        | Reached skill level 9 in Stealth
   129 | D        | Reached XP level 2. HP: 15/15 MP: 3/3
   129 | D        | Reached XP level 3. HP: 18/18 MP: 4/4
   132 | D        | Killed an ogre
   133 | D        | Reached skill level 12 in Stealth
   133 | D        | Reached XP level 4. HP: 4/23 MP: 5/5
   135 | D        | Reached skill level 13 in Stealth
   135 | D        | Reached XP level 5. HP: 4/27 MP: 6/6
   135 | D        | Slain by an orc

Illustrated notes

Levels and vault maps discovered:
D:        linesprint [early_d, line_temple, items_1, d_10, items_2, lair_1,
          lair_end, items_3, orc_1, orc_end, items_4, d_15, swamp_1, shoals_1,
          snake_1, spider_1, d_20, vaults_1, items_5, swamp_end, shoals_end,
          snake_end, spider_end, vaults_end, d_27, items_6, zot_1, zot_end,
          crypt_end, forest_end, elf_end, slime_end, tomb_end, abyss_end,
          pan_hell_end]

Skill      XL: |  1  2  3  4 |
---------------+-------------+-----
Stealth        | 9 12 13 | 13.5
Fighting       | 2 |  2.7
Short Blades   | 3 4 |  4.5
Throwing       | 3 |  3.9
Dodging        | 2 |  2.4

Action                   |  1- 3 |  4- 6 || total
-------------------------+-------+-------++-------
Melee: Dagger            |    20 |     2 ||    22
Throw: Dart              |     3 |       ||     3
  Use: Potion            |     1 |       ||     1
Armor: Robe              |     2 |       ||     2
Dodge: Dodged            |    15 |     1 ||    16

Table legend: (Time is in decaauts)
 A = Elapsed time spent in this place.
 B = Non-inter-level travel time spent in this place.
 C = Inter-level travel time spent in this place.
 D = Time resting spent in this place.
 E = Time spent auto-exploring this place.
 F = Levels seen in this place.
 G = Mean time per level.
                   A        B        C        D        E       F      G
               +--------+--------+--------+--------+--------+-----+--------+
         Total |    123 |    123 |      0 |     90 |      1 |   1 |  123.0 |
       Dungeon |    123 |    123 |      0 |     90 |      1 |   1 |  123.0 |
               +--------+--------+--------+--------+--------+-----+--------+

Top non-repeatable levels by time:
       D: 123 daAuts
